 Dungeon Crawl Stone Soup version 0.20.1-1-g8b1a95d66d (webtiles) character file.

1996 hasy the Frost Mage (level 9, -1/57 HPs)
             Began as a Merfolk Ice Elementalist on July 29, 2017.
             Shot with an arrow by a centaur (9 damage)
             ... on level 7 of the Dungeon on Jan 24, 2018.
             The game lasted 01:02:41 (7709 turns).

hasy the Frost Mage (Merfolk Ice Elementalist)      Turns: 7709, Time: 01:02:41

Health: -1/57      AC: 10    Str:  8    XL:     9   Next: 21%
Magic:  9/12       EV: 12    Int: 20    God:
Gold:   251        SH:  0    Dex: 14    Spells: 2/12 levels left

rFire    x . .     SeeInvis .   q - +2 mace (holy)
rCold    + . .     Gourm    .   (no shield)
rNeg     . . .     Faith    .   j - +1 leather armour
rPois    .         Spirit   .   (no helmet)
rElec    +         Reflect  .   A - scarf {cloud immunity}
rCorr    .         Harm     .   g - +0 pair of gloves
MR       +....                  m - +0 pair of boots
Stlth    +.........             e - amulet of regeneration
Regen    0.6/turn               x - ring of Nuqeetz {*Corrode rElec MR+ Int+2 Stlth-}
MPRegen  0.2/turn               M - ring of ice

@: icy armour, corroded, slow
A: change form in water, swift swim, stealthy swim
a: no special abilities


You were on level 7 of the Dungeon.
You were not hungry.

You visited 1 branch of the dungeon, and saw 7 of its levels.

You collected 339 gold pieces.
You spent 88 gold pieces at shops.

Inventory:

Hand Weapons
 d - a +0 short sword
 l - a +0 spear
 q - a +2 mace of holy wrath (weapon)
 w - a +0 trident
 y - a +2 falchion of holy wrath
Armour
 a - a +0 robe
 g - a +0 pair of gloves (worn)
 j - a +1 leather armour (worn)
 m - a +0 pair of boots (worn)
 z - a +0 leather armour
 A - a scarf of cloud immunity (worn)
 H - a +0 leather armour
Jewellery
 e - an amulet of regeneration (around neck)
 i - an uncursed ring of fire
 t - an uncursed ring of protection from magic
 x - the ring of Nuqeetz (left hand) {*Corrode rElec MR+ Int+2 Stlth-}
   (You found it on level 4 of the Dungeon)

   [ring of loudness]

   It affects your intelligence (+2).
   It insulates you from electricity.
   It affects your resistance to hostile enchantments.
   It may corrode you when you take damage.
   It makes you less stealthy.
 B - a cursed ring of fire
 J - an uncursed ring of resist corrosion
 L - an uncursed amulet of the gourmand
 M - a ring of ice (right hand)
Wands
 C - a wand of disintegration (7/24)
Scrolls
 n - 6 scrolls of remove curse
 p - 6 scrolls of identify
 E - a scroll of amnesia
 G - a scroll of blinking
 I - a scroll of random uselessness
 K - a scroll of enchant armour
 N - a scroll of noise
Potions
 f - a potion of cancellation
 k - a potion of heal wounds
 o - a potion of lignification
 s - a potion of flight {unknown}
 u - a potion of ambrosia
 v - a potion of agility {unknown}
Books
 b - a book of Frost

   Spells                             Type                      Level
   a - Freeze                         Ice                          1
   b - Throw Frost                    Conjuration/Ice              2
   c - Ozocubu's Armour               Charms/Ice                   3
   d - Throw Icicle                   Conjuration/Ice              4
   e - Summon Ice Beast               Ice/Summoning                4
 D - a book of Necromancy

   Spells                             Type                      Level
   a - Pain                           Necromancy                   1
   b - Animate Skeleton               Necromancy                   1
   c - Vampiric Draining              Necromancy                   3
   d - Regeneration                   Charms/Necromancy            3
   e - Animate Dead                   Necromancy                   4
   f - Control Undead                 Necromancy                   4
Comestibles
 c - 3 bread rations
 h - 5 royal jellies
 F - a meat ration


   Skills:
 - Level 2.6 Dodging
 - Level 2.1 Stealth
 - Level 2.0 Spellcasting
 - Level 0.7 Conjurations
 * Level 12.8 Ice Magic


You had 2 spell levels left.
You knew the following spells:

 Your Spells              Type           Power        Failure   Level  Hunger
a - Freeze                Ice            ####         1%          1    #......
b - Throw Frost           Conj/Ice       #####.       2%          2    ##.....
c - Ozocubu's Armour      Chrm/Ice       #####...     4%          3    ###....
d - Summon Ice Beast      Ice/Summ       #####...     16%         4    #####..


Dungeon Overview and Level Annotations

Branches:
Dungeon (7/15)             Temple (0/1) D:6

Altars:
Fedhas
Nemelex Xobeh
Okawaru

Shops:
D:5 %=*%[


Message History

The centaur shouts!
The centaur wields a shortbow.
The centaur shoots an arrow.
The arrow hits you!
The centaur shoots an arrow.
The arrow hits you.
You see here an arrow.
The centaur shoots an arrow.
The arrow completely misses you.
You see here an arrow.
The centaur shoots an arrow.
The arrow barely misses you.
The centaur shoots an arrow.
The arrow hits you!
You see here an arrow.
The centaur shoots an arrow.
The arrow hits you!
* * * LOW HITPOINT WARNING * * *
Your corrosive artefact corrodes you!
The centaur shoots an arrow.
The arrow hits you.
* * * LOW HITPOINT WARNING * * *
You see here an arrow.
Cast which spell? (? or * to list)
You feel a surge of power! A film of ice covers your body!
The centaur shoots an arrow.
The arrow barely misses you.
The centaur shoots an arrow.
The arrow hits you!
You die...

###....##≈≈c≈≈≈≈≈≈#
#....(##≈≈≈≈≈≈≈≈
#...#(# #≈≈≈≈≈≈#
#...#(# #≈≈≈≈≈≈#
######)###......##
#...().># #(#...
#.###########(..#.
#####.#####.c....(....
#....@.(.(............
#.........(...........
#.....................
#####.#####...........
#.# ########.... #.#
#..[. #.# #.... #.#
#.... #[# ##.#.


You could see a centaur.

Vanquished Creatures
  Grinder (D:6)
  Sigmund (D:2)
  Eustachio (D:4)
  A phantom (D:5)
  A sky beast (D:4)
  An ice beast (D:7)
  2 ogres
  3 centaurs
  The ghost of hasy the Chiller, an amateur MfIE (D:3)
  A howler monkey (D:5)
  A hound (D:5)
  A jelly (D:6)
  2 bullfrog skeletons
  An orc priest (D:3)
  An orc wizard (D:4)
  An iguana (D:6)
  Natasha (thrice) (D:2)
  6 worker ants
  A howler monkey zombie (D:7)
  Robin (D:3)
  10 adders
  3 gnolls (D:6)
  An ooze (D:2)
  An adder skeleton (D:4)
  5 worms
  2 dart slugs
  8 leopard geckos
  12 orcs
  3 ball pythons
  10 bats
  7 giant cockroaches
  13 goblins
  7 hobgoblins
  7 jackals
  10 kobolds
  2 quokkas (D:3)
  7 frilled lizards
  A quokka skeleton (D:5)
  12 rats
152 creatures vanquished.

Notes
Turn   | Place    | Note
-------+----------+-------------------------------------------
     0 | D:1      | hasy the Merfolk Ice Elementalist began the quest for the Orb.
     0 | D:1      | Reached XP level 1. HP: 13/13 MP: 3/3
   254 | D:1      | Reached XP level 2. HP: 12/19 MP: 0/5
   315 | D:1      | Reached skill level 4 in Ice Magic
   692 | D:1      | Reached XP level 3. HP: 24/24 MP: 3/6
  1072 | D:2      | Learned a level 2 spell: Throw Frost
  1076 | D:2      | Learned a level 3 spell: Ozocubu's Armour
  1110 | D:2      | Reached skill level 5 in Ice Magic
  1300 | D:2      | Reached XP level 4. HP: 24/30 MP: 0/7
  1681 | D:2      | Noticed Sigmund
  1713 | D:2      | Killed Sigmund
  1713 | D:2      | Reached skill level 7 in Ice Magic
  1713 | D:2      | Reached XP level 5. HP: 8/35 MP: 0/8
  1713 | D:2      | Reached XP level 6. HP: 9/41 MP: 0/9
  1828 | D:2      | Noticed Natasha
  1834 | D:2      | Killed Natasha
  1839 | D:2      | Noticed Natasha
  1856 | D:2      | Killed Natasha
  2207 | D:3      | Noticed Robin
  2260 | D:3      | Killed Robin
  2294 | D:2      | Noticed Natasha
  2306 | D:2      | Killed Natasha
  2392 | D:3      | Reached skill level 8 in Ice Magic
  3159 | D:3      | Reached XP level 7. HP: 46/46 MP: 5/10
  3215 | D:3      | Noticed hasy's ghost (amateur MfIE)
  3215 | D:3      | Found a blossoming altar of Fedhas.
  3225 | D:3      | Killed hasy's ghost
  3515 | D:3      | Learned a level 4 spell: Summon Ice Beast
  3621 | D:4      | Got a scintillating brass ring
  3623 | D:4      | Identified the ring of Nuqeetz {*Corrode rElec MR+ Int+2 Stlth-} (You found it on level 4 of the Dungeon)
  3629 | D:4      | Noticed Eustachio
  3785 | D:4      | Killed Eustachio
  3785 | D:4      | Reached skill level 9 in Ice Magic
  4425 | D:4      | Reached skill level 10 in Ice Magic
  4425 | D:4      | Reached XP level 8. HP: 51/52 MP: 3/11
  4485 | D:4      | Upgraded the game from 0.20.1-1-g8b1a95d to 0.20.1-1-g8b1a95d66d
  4550 | D:4      | Found an iron altar of Okawaru.
  4696 | D:5      | Entered Level 5 of the Dungeon
  4710 | D:5      | Found Xatuw's Assorted Antiques.
  4729 | D:5      | Bought a shiny bone wand for 88 gold pieces
  4742 | D:5      | Found Caotoog's Food Boutique.
  5190 | D:5      | Found Vaosaale's Armour Shoppe.
  5375 | D:5      | Found Ampuaca's Jewellery Emporium.
  5432 | D:5      | Reached skill level 11 in Ice Magic
  5531 | D:5      | Found Usoixaul's Food Shop.
  6326 | D:6      | Noticed Grinder
  6335 | D:6      | Killed Grinder
  6393 | D:6      | Reached skill level 12 in Ice Magic
  6627 | D:6      | Found a staircase to the Ecumenical Temple.
  6797 | D:6      | Reached XP level 9. HP: 42/57 MP: 6/12
  7693 | D:7      | Found a sparkling altar of Nemelex Xobeh.
  7709 | D:7      | Shot with an arrow by a centaur

Skill      XL: |  1  2  3  4  5  6  7  8 |
---------------+-------------------------+-----
Ice Magic      | 4 5 7 8 10 12 | 12.8
Dodging        | |  2.6
Stealth        | |  2.1
Spellcasting   | |  2.0
Conjurations   | |  0.7

Action                   |  1- 3 |  4- 6 |  7- 9 || total
-------------------------+-------+-------+-------++-------
Melee: Short sword       |    34 |    56 |       ||    90
       Spear             |       |     6 |     2 ||     8
       Mace              |       |       |   135 ||   135
 Cast: Freeze            |    45 |    77 |   149 ||   271
       Ozocubu's Armour  |     2 |     4 |    12 ||    18
       Throw Frost       |       |     4 |    14 ||    18
Evoke: Wand              |       |       |     2 ||     2
  Use: Scroll            |     1 |     5 |     6 ||    12
       Potion            |       |     3 |     4 ||     7
  Eat: Fruit             |     2 |       |       ||     2
       Meat ration       |       |     2 |     2 ||     4
       Chunk             |       |     1 |     3 ||     4
       Bread ration      |       |       |     1 ||     1
Armor: Robe              |     1 |       |       ||     1
       Leather armour    |    26 |    52 |   115 ||   193
Dodge: Dodged            |    47 |    89 |   202 ||   338
